Map: Eastwatch LE

Players

axu

  • Race: Protoss Protoss
  • League: Platinum
  • Spawn Location: 7:00

XXYYXX - Winner!

  • Race: Protoss Protoss
  • League: Platinum
  • Spawn Location: 1:00

VOD

Have the link to the VOD?

Description

Time

  • Played on: March 27, 2018, 1:23 p.m.
  • Length: 6:19
Show
View Real Time Build Order
Export as new Build Order

axu Protoss 

Build Orders:  

Get SALT Encoding   

  12  0:01  Probe  
  13  0:13  Probe  
  14  0:20  Pylon  
  14  0:25  Probe  
  15  0:41  Gateway  
  15  0:49  Probe  
  16  0:52  Assimilator  
  16  1:01  Probe (Chrono Boost)  
  17  1:13  Probe (Chrono Boost)  
  18  1:20  Probe (Chrono Boost)  
  19  1:27  Probe  
  20  1:45  Nexus  
  20  1:49  Probe  
  20  1:52  Assimilator  
  20  1:53  Pylon  
  21  1:58  Cybernetics Core  
  21  2:04  Pylon  
  21  2:08  Probe (Chrono Boost)  
  22  2:17  Probe (Chrono Boost)  
  23  2:23  Gateway  
  23  2:25  Probe  
  24  2:31  Warp Gate (Chrono Boost)  
  24  2:37  Probe  
  25  2:49  Probe  
  26  2:57  Stalker  
  28  3:01  Probe x2  
  30  3:13  Shield Battery, Probe  
  30  3:17  Stalker  
  33  3:24  Probe (Chrono Boost)  
  33  3:25  Probe (Chrono Boost)  
  35  3:27  Stalker  
  35  3:33  Shield Battery  
  35  3:34  Probe x2 (Chrono Boost)  
  37  3:57  Stalker  
  37  3:58  Stalker  
  37  4:02  Probe x2  
  43  4:08  Robotics Facility  
  43  4:13  Gateway  
  43  4:16  Probe x2  
  45  4:27  Gateway  
  45  4:28  Probe x2  
  45  4:30  Gateway  
  47  4:43  Probe x2  
  49  4:52  Twilight Council  
  49  4:55  Probe x2  
  49  4:57  Forge  
  51  5:00  Assimilator  
  51  5:02  Assimilator  
  51  5:06  Observer (Chrono Boost)  
  52  5:07  Probe x2  
  38  5:43  Stalker x4  
  38  5:45  Stalker  
Show
View Real Time Build Order
Export as new Build Order

XXYYXX Protoss - Winner!

Build Orders: Blink Stalkers 

Get SALT Encoding   

  12  0:01  Probe  
  13  0:13  Probe  
  14  0:18  Pylon  
  14  0:25  Probe  
  15  0:37  Probe (Chrono Boost)  
  15  0:40  Gateway  
  16  0:48  Probe (Chrono Boost)  
  17  0:50  Assimilator  
  17  0:54  Assimilator, Probe (Chrono Boost)  
  18  1:06  Probe  
  19  1:11  Gateway  
  19  1:18  Probe (Chrono Boost)  
  20  1:28  Probe (Chrono Boost)  
  20  1:31  Cybernetics Core  
  21  1:40  Probe  
  22  1:49  Pylon  
  22  1:57  Probe  
  23  2:09  Probe  
  23  2:10  Adept  
  23  2:11  Warp Gate  
  26  2:22  Twilight Council  
  26  2:24  Probe  
  26  2:25  Pylon  
  27  2:34  Stalker  
  27  2:36  Probe  
  30  2:48  Stalker  
  32  2:54  Blink (Chrono Boost)  
  32  3:05  Stalker  
  34  3:15  Gateway  
  34  3:17  Pylon  
  32  4:08  Pylon  
  32  4:17  Stalker x2  
  36  4:27  Pylon  
  36  4:30  Stalker  
  38  4:41  Zealot x2  
  42  4:47  Nexus  
  42  4:58  Stalker  
  44  5:02  Stalker x2  
  48  5:38  Stalker x3  
  50  6:02  Stalker x2  
  51  6:06  Probe (Chrono Boost)  
  51  6:08  Probe (Chrono Boost)  
  52  6:12  Robotics Facility  
Tags
 
Composition
Blink Stalkers
Matchup
PvP
Spawn Locations
Cross Positions
Add a new tag
Caveats
  • Supply blocks, unpowered buildings, or Contaminate may cause inaccurate times.
  • Supply counts are checked every 10 seconds.